 Dungeon Crawl Stone Soup version 0.18.1-50-g88ac8fd (webtiles) character file.

22 cedor the Stinger (level 2, -1/19 HPs)
             Began as a Demonspawn Venom Mage on Sept 20, 2016.
             Killed from afar by Natasha (12 damage)
             ... with a magic dart
             ... on level 2 of the Dungeon.
             The game lasted 00:03:06 (497 turns).

cedor the Stinger (Demonspawn Venom Mage)            Turns: 497, Time: 00:03:06

Health: -1/19      AC:  2    Str:  8    XL:     2   Next: 68%
Magic:  0/5        EV: 12    Int: 16    God:
Gold:   20         SH:  0    Dex: 13    Spells: 2 memorised, 2 levels left

rFire  . . .     SeeInvis .     f - +0 dagger
rCold  . . .     Gourm    .     a - +0 robe
rNeg   . . .     Faith    .     (no shield)
rPois  .         Spirit   .     (no helmet)
rElec  .         Dismiss  .     (no cloak)
rCorr  .         Reflect  .     (no gloves)
SustAt .         Harm     .     (no boots)
MR     .....                    (no amulet)
Stlth  ++........               (no ring)
                                (no ring)

@: slowed, very slow, not resistant to hostile enchantments, unstealthy
A: spiny 1
a: no special abilities


You were on level 2 of the Dungeon.
You were not hungry.

You visited 1 branch of the dungeon, and saw 2 of its levels.

You collected 20 gold pieces.


Innate Abilities, Weirdness & Mutations

You are partially covered in sharp spines.


   Skills:
 + Level 2.2 Dodging
 + Level 2.5 Stealth
 - Level 2.0 Spellcasting
 + Level 4.1 Poison Magic


You had 2 spell levels left.
You knew the following spells:

 Your Spells              Type           Power        Failure   Level  Hunger
z - Sting                 Conj/Pois      #...         10%         1    #......
Z - Cure Poison           Pois           ##........   8%          2    ###....

Inventory:

Hand Weapons
 f - a +0 dagger (weapon)
Missiles
 e - 4 stones (quivered)
Armour
 a - a +0 robe (worn)
Scrolls
 d - a scroll of identify {unknown}
 g - a scroll of remove curse {unknown}
 i - 2 scrolls of immolation {unknown}
Potions
 h - 2 potions of mutation {unknown}
 j - a potion of lignification {unknown}
 k - a potion of flight {unknown}
Books
 b - a Young Poisoner's Handbook

   Spells                             Type                      Level
   a - Sting                          Conjuration/Poison           1
   b - Cure Poison                    Poison                       2
   c - Mephitic Cloud                 Conjuration/Poison/Air       3
   d - Olgreb's Toxic Radiance        Poison                       4
   e - Venom Bolt                     Conjuration/Poison           5
Comestibles
 c - a bread ration

Dungeon Overview and Level Annotations

Branches:
Dungeon (2/15)

Altars:

Annotations:
D:2 Natasha

▒▒.▒▒ ▒.▒ ▒▒...▒▒ ▒▒.▒▒
▒.▒▒▒.▒▒▒▒...▒▒▒.▒ ▒.▒
▒......▒.....▒ ▒ ▒
▒.▒▒▒.▒▒▒▒...▒▒▒▒▒▒
▒.▒.▒▒▒▒..................▒
.................<.▒▒▒▒▒▒.▒
▒............▒▒▒▒▒▒▒
▒..?.......6.....▒
▒.........h..▒▒▒.▒
▒▒.▒▒▒▒▒▒.▒▒▒▒ ▒ ▒......▒
▒.▒▒▒▒▒.▒ ▒.▒ ▒.▒ ▒.▒ ▒..


You could see Natasha.


Message History

Confirm with . or Enter, or press ? or * to list all spells.
Aiming: Sting
Press: ? - help, Shift-Dir - straight line, f/p - Natasha
Aim: Natasha, carrying a wand of slowing {zapped: 1} (heavily wounded)
The sting hits Natasha.
Natasha is poisoned.
Natasha is severely wounded.
Natasha zaps a wand.
You feel as though you will be slow longer.
Natasha casts a spell at you.
You feel as though you will be slow longer.
Casting: Sting
Confirm with . or Enter, or press ? or * to list all spells.
Aiming: Sting
Press: ? - help, Shift-Dir - straight line, f/p - Natasha
Aim: Natasha, carrying a wand of slowing {zapped: 2} (severely wounded, poisoned)
The sting hits Natasha.
Natasha appears unharmed.
Natasha is severely wounded.
Natasha claws you!
Casting: Sting
Confirm with . or Enter, or press ? or * to list all spells.
You don't have enough magic to cast that spell.
You barely miss Natasha.
Natasha is severely wounded.
Natasha closely misses you.
You hit Natasha.
Natasha is almost dead.
Natasha stares at you and mumbles some strange words.
The magic dart hits you!
Ouch! That really hurt!
You die...

Action                   || total
-------------------------++-------
Melee: Dagger            ||    12
Throw: Stone             ||     2
 Cast: Sting             ||    22
 Stab: Sleeping          ||     1
Armor: Robe              ||     4
Dodge: Dodged            ||    10

Vault maps used:
D:1:      dpeg_arrival_erosion
D:2:      uniq_natasha

Notes
Turn   | Place    | Note
--------------------------------------------------------------
     0 | D:1      | cedor the Demonspawn Venom Mage began the quest for the Orb.
     0 | D:1      | Reached XP level 1. HP: 13/13 MP: 3/3
    94 | D:1      | Reached skill level 2 in Dodging
   109 | D:1      | Reached skill level 2 in Stealth
   251 | D:2      | Gained mutation: You are partially covered in sharp spines. [demonic ancestry]
   251 | D:2      | Reached XP level 2. HP: 19/19 MP: 0/5
   327 | D:1      | Learned a level 2 spell: Cure Poison
   481 | D:2      | Noticed Natasha
   497 | D:2      | Killed from afar by Natasha

Vanquished Creatures
  An ooze (D:1)
  A giant gecko (D:1)
  A giant cockroach (D:1)
  4 goblins (D:1)
  6 kobolds
  A bat (D:2)
  A giant newt (D:1)
  2 rats
17 creatures vanquished.
